 Dungeon Crawl Stone Soup version 0.28.0-45-g0d030f2227 (webtiles) character file.

Game seed: 16815141925665450328

88 Arcadio the Sneak (level 4, 0/21 HPs)
             Began as a Spriggan Enchanter on Mar 30, 2022.
             Killed from afar by Natasha (9 damage)
             ... with a magic dart
             ... on level 3 of the Dungeon.
             The game lasted 00:07:02 (3325 turns).

Arcadio the Sneak (Spriggan Enchanter)              Turns: 3325, Time: 00:07:05

Health: 0/21       AC:  2    Str:  4    XL:     4   Next: 29%
Magic:  8/10       EV: 17    Int: 18    God:
Gold:   132        SH:  5    Dex: 15    Spells: 2/10 levels left

rFire   . . .      SeeInvis +   a - +1 dagger
rCold   . . .      Faith    .   (no shield)
rNeg    . . .      Spirit   .   b - +0 robe
rPois   .          Reflect  +   (helmet restricted)
rElec   .          Harm     .   (no cloak)
rCorr   .          Rampage  .   (gloves unavailable)
Will    .....                   (boots unavailable)
Stlth   +++.......              i - amulet of reflection
HPRegen 0.07/turn               (no ring)
MPRegen 0.12/turn               (no ring)

@: very quick
A: very small, no large weapons, unfitting armour, see invisible, speed 3
a: no special abilities


You were on level 3 of the Dungeon.
You visited 1 branch of the dungeon, and saw 3 of its levels.

You collected 132 gold pieces.

Inventory:

Hand Weapons
 a - a +1 dagger (weapon)
Armour
 b - a +0 robe (worn)
Jewellery
 i - an amulet of reflection (around neck)
Scrolls
 e - 3 scrolls of immolation {unknown}
 g - a scroll of teleportation {unknown}
Potions
 c - a potion of invisibility
 d - 2 potions of curing
 f - a potion of attraction
 h - a potion of lignification {unknown}


   Skills:
 + Level 0.8 Fighting
 - Level 1.7 Short Blades
 - Level 3.2 Dodging
 + Level 5.3 Stealth
 + Level 3.5 Spellcasting
 + Level 4.3 Hexes


You had 2 spell levels left.
You knew the following spells:

 Your Spells              Type           Power      Damage    Failure   Level
a - Ensorcelled Hibernat  Hex/Ice        22%        N/A       10%         2
b - Confusing Touch       Hex            18%        N/A       8%          3
c - Tukima's Dance        Hex            18%        N/A       8%          3

Your spell library contained the following spells:

 Spells                   Type           Power      Damage    Failure   Level
 Dazzling Flash           Conj/Hex       22%        N/A       19%         3


Dungeon Overview and Level Annotations

Branches:
Dungeon (3/15)

Altars:

Annotations:
D:3 Natasha


Innate Abilities, Weirdness & Mutations

You are very small and have problems with some larger weapons.
You are too small for most types of armour.
You have supernaturally acute eyesight. (SInv)
You cover ground extremely quickly. (Speed+++)


Message History

Casting: Ensorcelled Hibernation (safe; 10% risk of failure)
Confirm with . or Enter, or press ? or * to list all spells.
The spell is extremely dangerous to miscast (9% risk of failure)!
Continue anyway?
Okay, then.
Natasha is nearby!
Casting: Confusing Touch (extremely dangerous; 9% risk of failure)
Confirm with . or Enter, or press ? or * to list all spells.
The spell is extremely dangerous to miscast (9% risk of failure)!
Continue anyway?
Your hands begin to glow red.
Natasha casts a spell at you. The magic dart hits you.
Natasha closely misses you.
Your magical contamination has completely faded away.
You hit Natasha but do no damage.
Natasha appears confused.
Natasha is moderately wounded.
Natasha misses you.
You catch the helpless Natasha completely off-guard!
You puncture Natasha!
You kill Natasha!
Suddenly Natasha's spirit rises from her lifeless body.
The crimson imp disappears in a puff of smoke!
You have reached level 4!
You start resting.
Magic restored.
You start resting.
Natasha, Servant of Life and Death comes into view.
A dart slug and a ball python come into view.
Natasha hisses angrily.
Natasha drinks a potion.
Natasha seems to grow stronger.
You closely miss Natasha. Natasha claws you!
The dart slug launches a dart at you. The slug dart hits you.
Casting: Confusing Touch (quite dangerous; 8% risk of failure)
Confirm with . or Enter, or press ? or * to list all spells.
Aiming: Ensorcelled Hibernation (safe; 10% risk of failure)
Press: ? - help, Shift-Dir - straight line, f - dart slug
Aim: a dart slug (chance to affect: 62%)
The dart slug looks drowsy...
Natasha stares at you and mumbles some strange words.
The magic dart hits you!
You die...

#.# #.# #.#
#######.#######
.........†.....
#######.####### #.# #
#############'#### #
#..h@............# #
......S.............+
+
####................#
#
.......w.###########
# ..........#
...........
#..#..#..#..
#.###...###.# .#.


You could see Natasha (strong), a dart slug (asleep) and a ball python.

Vanquished Creatures
  Natasha (D:3)
  3 adders (D:2)
  3 dart slugs (D:2)
  2 endoplasms (D:2)
  3 hobgoblins (D:2)
  3 jackals (D:1)
  3 quokkas
  A ball python (D:2)
  A bat (D:2)
  A frilled lizard (D:2)
  3 goblins
  3 kobolds
  4 rats
31 creatures vanquished.

Vanquished Creatures (others)
  14 plants (D:1)
14 creatures vanquished.

Grand Total: 45 creatures vanquished

Notes
Turn   | Place    | Note
-------+----------+-------------------------------------------
     0 | D:1      | Arcadio the Spriggan Enchanter began the quest for the Orb.
     0 | D:1      | Reached XP level 1. HP: 9/9 MP: 5/5
  1230 | D:1      | Reached XP level 2. HP: 7/13 MP: 6/6
  1233 | D:1      | Learned a level 2 spell: Ensorcelled Hibernation
  1733 | D:2      | Reached XP level 3. HP: 16/16 MP: 8/8
  1936 | D:2      | Learned a level 3 spell: Confusing Touch
  1940 | D:2      | Learned a level 3 spell: Tukima's Dance
  2281 | D:2      | Reached skill level 5 in Stealth
  3130 | D:3      | Noticed Natasha
  3144 | D:3      | Killed Natasha
  3145 | D:3      | Reached XP level 4. HP: 7/21 MP: 0/10
  3316 | D:3      | Noticed Natasha
  3325 | D:3      | Killed from afar by Natasha

Illustrated notes

Levels and vault maps discovered:
D:1:      lightli_arrival_windingriver, layout_loops_corners
D:2:      layout_basic
D:3:      layout_basic, minmay_strange_pillars, uniq_robin, uniq_natasha

Skill      XL: |  1  2  3 |
---------------+----------+-----
Dodging        | 3 |  3.2
Spellcasting   | 3 |  3.5
Hexes          | 4 |  4.3
Stealth        | 5 |  5.3
Fighting       | |  0.8
Short Blades   | |  1.7

Action                   |  1- 3 |  4- 6 || total
-------------------------+-------+-------++-------
Melee: Dagger            |   155 |     1 ||   156
       Punch             |     3 |       ||     3
 Cast: Ensorcelled Hiber |     5 |     1 ||     6
       Confusing Touch   |     1 |       ||     1
  Use: Scroll            |     2 |       ||     2
 Stab: Sleeping          |    11 |       ||    11
       Confused          |     1 |       ||     1
Armor: Robe              |     5 |       ||     5
Dodge: Dodged            |   105 |       ||   105
Block: Other             |     2 |       ||     2
